 Dungeon Crawl Stone Soup version 0.24.0-1-gfbc8707122 (webtiles) character file.

Game seed: 11924232152793873022, levelgen mode: deterministic

43 Mrkan the Ruffian (level 3, 0/29 HPs)
             Began as a Draconian Transmuter on Oct 27, 2019.
             Succumbed to an adder's poison
             ... on level 1 of the Dungeon.
             The game lasted 00:03:24 (1290 turns).

Mrkan the Ruffian (Draconian Transmuter)            Turns: 1290, Time: 00:03:25

Health: 0/29       AC:  5    Str: 12    XL:     3   Next: 37%
Magic:  6/6        EV: 12    Int: 14    God:
Gold:   17         SH:  0    Dex: 11    Spells: 5/6 levels left

rFire    . . .     SeeInvis .     - Unarmed
rCold    . . .     Gourm    .   (no shield)
rNeg     . . .     Faith    .   (armour unavailable)
rPois    .         Spirit   .   (helmet restricted)
rElec    .         Reflect  .   (no cloak)
rCorr    .         Harm     .   (no gloves)
MR       .....                  (no boots)
Stlth    +.........             (no amulet)
HPRegen  0.09/turn              (no ring)
MPRegen  0.10/turn              (no ring)

@: lethally poisoned (0 -> -7)
A: unfitting armour, cold-blooded, AC +5
a: no special abilities


You were on level 1 of the Dungeon.
You were hungry.

You visited 1 branch of the dungeon, and saw 2 of its levels.

You collected 17 gold pieces.

Inventory:

Missiles
 a - 12 arrows
Comestibles
 c - 3 rations
 f - a chunk of flesh


   Skills:
 + Level 1.7 Fighting
 + Level 2.1 Dodging
 * Level 3.5 Unarmed Combat
 + Level 2.3 Spellcasting
 + Level 2.3 Transmutations


You had 5 spell levels left.
You knew the following spells:

 Your Spells              Type           Power        Failure   Level  Hunger
a - Beastly Appendage     Tmut           #.....       9%          1    #......

Your spell library contained the following spells:

 Spells                   Type           Power        Failure   Level  Hunger
 Sticks to Snakes         Tmut           #.......     13%         2    ###....
 Spider Form              Tmut/Pois      #.........   38%         3    ###....
 Ice Form                 Ice/Tmut       #.......     80%         4    #####..
 Blade Hands              Tmut           #.........   94%         5    ######.


Dungeon Overview and Level Annotations

Branches:
Dungeon (2/15)

Altars:


Innate Abilities, Weirdness & Mutations

Your plain brown scales are hard. (AC +5)
You cannot fit into any form of body armour.
You are cold-blooded and may be slowed by cold attacks.


Message History

The adder is lightly wounded.
The adder bites you.
* * * LOW HITPOINT WARNING * * *
The adder closely misses you.
As you read the scroll labeled LOULIE DUUNTUNN, it crumbles to dust.
You feel blessed for a moment.
It was a scroll of remove curse.
The adder bites you but does no damage.
As you read the scroll labeled WUORUV POTI, it crumbles to dust.
It is a scroll of identify.
You don't have any unidentified items.
The adder bites you but does no damage.
You are feeling hungry.
The adder misses you. The adder barely misses you.
You see here a +0 club.
The adder bites you.
* * * LOW HITPOINT WARNING * * *
You are lethally poisoned!
The adder poisons you!
You die...

#...# ##.#...# #######.#
#####'### ####.##..#
#.......#
.##.....###.≈##.#..#
#.#######
.#.......#..≈≈#.#..####.#
.'...<...'..≈≈#...>.....#
.#.......#..≈≈#.#)#######
.##.....###.≈##.#S#
#####'### ####.##.# #...#
##.#@.# ## #...#
####.##.##
.####'####...##..#
#....)....####..##
###########....## #.####
#.# #.# #.#


You could see an adder (inner flame).

Vanquished Creatures
  An ooze (D:1)
  2 dart slugs (D:1)
  3 leopard geckos
  A bat (D:1)
  4 goblins (D:1)
  6 hobgoblins (D:1)
  2 jackals (D:1)
  4 kobolds
  5 rats
28 creatures vanquished.

Notes
Turn   | Place    | Note
-------+----------+-------------------------------------------
     0 | D:1      | Mrkan the Draconian Transmuter began the quest for the Orb.
     0 | D:1      | Reached XP level 1. HP: 16/16 MP: 3/3
    89 | D:1      | Reached XP level 2. HP: 14/23 MP: 3/5
   581 | D:1      | Reached XP level 3. HP: 22/28 MP: 4/6
  1276 | D:1      | HP: 1/29 [adder (3)]
  1289 | D:1      | HP: 1/29 [adder (1)]
  1290 | D:1      | Succumbed to an adder's poison

Levels and vault maps discovered:
D:1:      dpeg_arrival_another_circle, layout_basic, roderic_lattice_a
D:2:      layout_basic, overflow_temple_1_default, first_ration,
          makhleb_altar_promises_db

Skill      XL: |  1  2 |
---------------+-------+-----
Dodging        | 2 |  2.1
Fighting       | |  1.7
Unarmed Combat | |  3.5
Spellcasting   | |  2.3
Transmutations | |  2.3

Action                   || total
-------------------------++-------
Melee: Unarmed           ||    94
       Tailslap          ||     8
       Headbutt          ||     3
       Kick              ||     1
 Cast: Beastly Appendage ||    10
  Use: Scroll            ||     4
       Potion            ||     1
  Eat: Chunk             ||     1
Armor: Skin              ||    28
Dodge: Dodged            ||    71
